Map: Curious Minds LE

Players

A.I. 1 (Very Easy)

  • Race: Zerg Zerg

SendNubes - Winner!

  • Race: Zerg Zerg
  • League: Gold

VOD

Have the link to the VOD?

Description

6 minute roach rush

Time

  • Played on: March 21, 2022, 12:19 a.m.
  • Length: 8:44
Show
View Real Time Build Order
Export as new Build Order

A.I. 1 (Very Easy) Zerg 

Build Orders: Pool Only 

Get SALT Encoding   

  12  0:01  Drone  
  13  0:12  Overlord  
  13  0:16  Drone  
  14  0:35  Spawning Pool  
  13  0:37  Extractor  
  13  0:39  Drone  
  13  0:46  Drone  
  14  0:51  Overlord  
  14  1:22  Queen, Zergling x2  
  17  1:30  Roach Warren  
  17  1:32  Extractor  
  15  1:36  Drone  
  16  1:42  Zergling x2  
  16  1:43  Drone  
  18  1:58  Drone  
  20  2:01  Zergling x2  
  20  2:08  Drone  
  21  2:19  Drone  
  22  2:29  Drone  
  23  2:30  Overlord  
  23  2:36  Drone  
  24  2:43  Drone  
  25  5:54  Roach, Overlord, Drone  
  28  6:01  Drone  
  26  6:09  Drone  
  25  6:16  Drone  
  16  6:23  Drone, Zergling x2  
  6  6:30  Drone  
Show
View Real Time Build Order
Export as new Build Order

SendNubes Zerg - Winner!

Build Orders: Hatch First 

Get SALT Encoding   

  12  0:00  Drone  
  13  0:11  Drone  
  14  0:16  Overlord  
  14  0:23  Extractor, Drone  
  14  0:47  Hatchery  
  13  0:52  Drone  
  13  0:55  Drone  
  15  1:14  Drone, Spawning Pool  
  16  1:18  Drone  
  16  1:26  Overlord  
  16  1:33  Drone  
  16  1:39  Drone  
  18  1:47  Drone  
  19  2:01  Queen x2  
  19  2:04  Zergling x2  
  19  2:07  Drone  
  25  2:11  Drone  
  26  2:27  Roach Warren  
  25  2:38  Drone x2  
  25  2:39  Drone  
  25  2:42  Evolution Chamber  
  27  2:48  Lair  
  27  2:54  Drone x2  
  27  2:57  Drone  
  30  3:00  Extractor  
  30  3:01  Drone  
  30  3:06  Overlord  
  30  3:13  Overlord  
  30  3:15  Drone  
  30  3:18  Drone  
  32  3:20  Drone  
  33  3:27  Drone x3  
  33  3:33  Overlord  
  36  3:39  Zerg Missile Weapons Level 1  
  36  3:44  Roach  
  36  3:46  Roach  
  40  3:49  Roach  
  40  3:52  Roach  
  40  3:55  Roach  
  46  3:57  Drone  
  47  4:07  Spore Crawler  
  47  4:08  Spore Crawler, Drone x2  
  47  4:16  Roach x2  
  51  4:20  Overlord  
  51  4:23  Overlord  
  51  4:35  Roach x2  
  51  4:37  Hydralisk Den  
  54  4:38  Overlord  
  54  4:42  Overlord  
  54  4:50  Roach x2  
  58  4:53  Roach  
  58  4:56  Glial Reconstitution  
  60  5:02  Drone  
  60  5:03  Drone x2  
  60  5:05  Drone  
  64  5:16  Roach x3  
  64  5:17  Roach  
  72  5:21  Pneumatized Carapace  
  72  5:40  Evolution Chamber  
  71  5:43  Spine Crawler  
  71  5:44  Drone x5  
  71  5:45  Spore Crawler, Drone x2  
  76  5:50  Extractor  
  76  5:51  Extractor  
  76  5:55  Metabolic Boost  
  74  6:08  Roach x5  
  74  6:09  Roach  
Tags
 
Add a new tag
Caveats
  • Supply blocks, unpowered buildings, or Contaminate may cause inaccurate times.
  • Supply counts are checked every 10 seconds.